 Dungeon Crawl Stone Soup version bcrawl-1.19.1 (webtiles) character file.

Game seed: 8161712998625293227

195 Mrkan the Skirmisher (level 5, -12/57 HPs)
             Began as an Ogre Fighter on Dec 6, 2019.
             Was an Initiate of Yredelemnul.
             Mangled by an ogre
             ... wielding a +0 giant club
              (30 damage)
             ... on level 4 of the Dungeon.
             The game lasted 00:07:36 (3153 turns).

Mrkan the Skirmisher (Ogre Fighter)                 Turns: 3153, Time: 00:07:37

Health: -12/57     AC:  3    Str: 21    XL:     5   Next: 74%
Magic:  5/5        EV:  8    Int:  9    God:    Yredelemnul [......]
Gold:   111        SH:  8    Dex:  8    Spells: 4/4 levels left

rFire    . . .     SeeInvis .   p - +0 flail (pain)
rCold    . . .     Gourm    .   c - +0 shield
rNeg     . . .     Faith    .   o - +0 robe
rPois    .         Spirit   .   (helmet restricted)
rElec    .         Reflect  .   (no cloak)
rCorr    .         Harm     .   (gloves unavailable)
MR       .....                  (boots unavailable)
Stlth    +.........             (no amulet)
HPRegen  0.19/turn              (no ring)
MPRegen  0.09/turn              (no ring)

@: no status effects
A: large, unfitting armour, tough skin 1
a: Renounce Religion


You were on level 4 of the Dungeon.
You worshipped Yredelemnul.
Yredelemnul was noncommittal.
You were not hungry.

You visited 1 branch of the dungeon, and saw 4 of its levels.

You collected 111 gold pieces.

Inventory:

Hand Weapons
 p - a +0 flail of pain (weapon)
Armour
 c - a +0 shield (worn)
 o - a +0 robe (worn)
Scrolls
 e - a scroll of teleportation
 i - 2 scrolls of identify
 k - 3 scrolls of amnesia
 l - a scroll of fear
 m - a scroll of remove curse
Potions
 d - a potion of might
 h - 2 potions of brilliance {unknown}
 j - a potion of curing {unknown}
 q - 2 potions of haste {unknown}
 s - a potion of invisibility {unknown}
Comestibles
 f - 7 rations {!d}
 r - 2 chunks of flesh


   Skills:
 + Level 5.3 Fighting
 * Level 5.2 Maces & Flails
 - Level 2.6 Dodging
 + Level 3.6 Shields


You had 4 spell levels left.
You didn't know any spells.
Your spell library contained the following spells:

 Spells                   Type           Power        Failure   Level  Hunger
 Confuse                  Hex            #.......     98%         3    ####...
 Dazzling Spray           Conj/Hex       #.....       98%         3    ####...
 Petrify                  Tmut/Erth      #.......     100%        4    #####..
 Yara's Violent Unravell  Hex/Tmut       #.........   100%        4    #####..
 Metabolic Englaciation   Hex/Ice        #.........   100%        5    ######.
 Mana Rupture             Conj/Hex       #.........   100%        7    #######


Dungeon Overview and Level Annotations

Branches:
Dungeon (4/12)
 Temple: D:4-7

Altars:
Yredelemnul


Innate Abilities, Weirdness & Mutations

You are too large for most types of armour.
You have tough skin. (AC +1)


Message History

The ogre is lightly wounded.
You barely miss the ogre.
The ogre is lightly wounded.
You block the ogre's attack.
You barely miss the ogre.
The ogre is lightly wounded.
The ogre hits you with a +0 giant club!
You hit the ogre.
The ogre is moderately wounded.
The ogre hits you with a +0 giant club!
* * * LOW HITPOINT WARNING * * *
You hit the ogre.
The ogre is moderately wounded.
The ogre barely misses you.
You sock the ogre!
The ogre is heavily wounded.
The ogre hits you with a +0 giant club!!
Ouch! That really hurt!
You die...
Your body rises from the dead as a mindless zombie.

.............†.........'.......
##..#.#....#.#.........####...#
...........#.##.......## ##.#.
####........###.....## #.#.
###.###### ##...## #.#.
#.###.## ##'## #... #.##...##
#.###### ###.
#.#.....####.##...# #.
#.......@O>.....#.# #.
#.#....$###...#...######.
#.##...###.....#.........
#.###.## ##...###########
#.....# ##.## ####### #.# #.#
#.# #.#


You could see an ogre.

Vanquished Creatures
  A scorpion (D:3)
  A crimson imp (D:3)
  3 adders
  An ooze (D:1)
  5 worms
  A dart slug (D:4)
  4 orcs (D:3)
  A ball python (D:3)
  5 bats
  3 giant cockroaches
  9 hobgoblins
  3 jackals (D:3)
  2 quokkas (D:2)
  4 frilled lizards
  6 goblins
  8 kobolds
  7 rats
64 creatures vanquished.

Notes
Turn   | Place    | Note
-------+----------+-------------------------------------------
     0 | D:1      | Mrkan the Ogre Fighter began the quest for the Orb.
     0 | D:1      | Reached XP level 1. HP: 24/24 MP: 1/1
   305 | D:1      | Reached XP level 2. HP: 31/32 MP: 2/2
   475 | D:1      | Reached XP level 3. HP: 34/40 MP: 3/3
   937 | D:2      | Found a basalt altar of Yredelemnul.
   955 | D:2      | Became a worshipper of Yredelemnul the Dark
  1975 | D:3      | Reached XP level 4. HP: 47/49 MP: 4/4
  2447 | D:3      | Reached skill level 5 in Fighting
  2563 | D:3      | Reached XP level 5. HP: 57/57 MP: 5/5
  2686 | D:3      | Reached skill level 5 in Maces & Flails
  3098 | D:4      | Noticed an ogre
  3153 | D:4      | Mangled by an ogre

Skill      XL: |  1  2  3  4  5 |
---------------+----------------+-----
Maces & Flails | 3 4 5 |  5.2
Shields        | 3 |  3.6
Fighting       | 5 |  5.3
Dodging        | |  2.6

Action                   |  1- 3 |  4- 6 || total
-------------------------+-------+-------++-------
Melee: Flail             |   112 |   109 ||   221
  Use: Scroll            |       |     7 ||     7
  Eat: Chunk             |     3 |     4 ||     7
Armor: Robe              |    21 |    20 ||    41
Dodge: Dodged            |    30 |    40 ||    70
Block: Shield            |    49 |    45 ||    94
